 Dungeon Crawl Stone Soup version 0.30-a0-840-ga523dec638 (webtiles) character file.

Game seed: 11429388942710975625

122003 Newt the Fetichist (level 17, -1/106 HPs)
             Began as a Kobold Hunter on Mar 1, 2023.
             Was the Champion of Jiyva.
             Slain by a spriggan rider
             ... wielding a +0 spear
             ... led by a spriggan druid
              (18 damage)
             ... on level 4 of the Swamp on Mar 2, 2023.
             The game lasted 00:41:30 (24070 turns).

Newt the Fetichist (Kobold Hunter)                 Turns: 24070, Time: 00:41:30

Health: -1/106     AC: 11    Str: 11      XL:     17   Next: 41%
Magic:  17/32      EV: 26    Int: 13 (19) God:    Jiyva [******]
Gold:   537        SH:  0    Dex: 28      Spells: 23/38 levels left

rFire   . . .      SeeInvis +    b - +9 staff of Wucad Mu {*channel}
rCold   . . .      Faith    .    (shield currently unavailable)
rNeg    . . .      Spirit   .    V - +1 swamp dragon scales
rPois   +          Reflect  .    (helmet restricted)
rElec   .          Harm     .    y - +2 cloak {Stlth+}
rCorr   +          Rampage  .    L - -1 pair of gloves of Sandy Freedom {Int+8}
Will    +++..                    (boots unavailable)
Stlth   +++++                    D - amulet of Elyvilon's Generosity {Will+ Regen+ Str+3 Slay-5}
HPRegen 2.77/turn                S - ring of wizardry
MPRegen 0.73/turn                O - ring of willpower

@: no status effects
A: small, no large weapons, nightstalker 3, antennae 2, talons 3, camouflage 1,
agile 1, poison resistance, robust 1, eyeballs 3, jelly absorbing missiles
a: Renounce Religion, Oozemancy, Slimify


You were on level 4 of the Swamp.
You worshipped Jiyva.
Jiyva was exalted by your worship.
You visited 4 branches of the dungeon, and saw 25 of its levels.
You also visited: Bailey.

You collected 2127 gold pieces.
You spent 1590 gold pieces at shops.

Inventory:

Hand Weapons
 a - a +4 sling
 b - the +9 staff of Wucad Mu (weapon) {*channel}
   (You acquired it on level 8 of the Dungeon)

   *Channel:  It occasionally powers its wielder's spells, but with a chance of
   causing confusion or draining the wielder's intelligence.
   It becomes more likely to activate and less likely to backfire with increased
   Evocations skill.
 C - a +2 shortbow
Missiles
 n - 4 throwing nets
Armour
 c - a +1 leather armour
 o - a +2 pair of gloves
 y - a +2 cloak of stealth (worn)
 L - the -1 pair of gloves of Sandy Freedom (worn) {Int+8}
   (You bought it in a shop on level 13 of the Dungeon)

   Int:       It affects your intelligence (+8).
 T - a +3 leather armour of cold resistance
 V - +1 swamp dragon scales (worn)
Jewellery
 D - the amulet of Elyvilon's Generosity (around neck) {Will+ Regen+ Str+3 Slay-5}
   (You bought it in a shop on level 9 of the Dungeon)

   [amulet of regeneration]

   Str:       It affects your strength (+3).
   Slay:      It affects your accuracy & damage with ranged weapons and melee
   (-5).
   Regen:     It increases your rate of health regeneration.
   Will:      It increases your willpower.
 E - a ring of see invisible
 G - a ring of magical power
 O - a ring of willpower (right hand)
 Q - an amulet of reflection
 S - a ring of wizardry (left hand)
 U - a +5 ring of evasion
Wands
 e - a wand of iceblast (13)
 k - a wand of flame (48)
 v - a wand of charming (2)
 A - a wand of quicksilver (6)
 B - a wand of polymorph (5)
Scrolls
 d - 5 scrolls of immolation
 f - 7 scrolls of teleportation
 p - 4 scrolls of fog
 q - 2 scrolls of poison
 r - 7 scrolls of vulnerability
 s - a scroll of summoning
 w - 2 scrolls of amnesia
 F - a scroll of identify
 H - a scroll of blinking
 I - a scroll of silence
 M - a scroll of torment
 P - a scroll of fear
 R - a scroll of brand weapon
Potions
 g - a potion of ambrosia
 h - 2 potions of berserk rage
 i - 2 potions of flight
 j - 4 potions of mutation
 l - 3 potions of attraction
 m - 2 potions of heal wounds
 t - 2 potions of haste
 u - 20 potions of degeneration
 x - a potion of might
 z - a potion of invisibility
 J - a potion of magic
 N - 2 potions of curing


   Skills:
 - Level 8.0 Fighting
 - Level 6.1 Staves
 - Level 15.0 Ranged Weapons
 + Level 1.9 Armour
 - Level 14.5 Dodging
 - Level 1.3 Stealth
 - Level 11.0 Spellcasting
 - Level 10.0 Conjurations
 - Level 10.3 Earth Magic
 - Level 18.0 Evocations


You had 23 spell levels left.
You knew the following spells:

 Your Spells              Type           Power      Damage    Failure   Level
a - Stone Arrow           Conj/Erth      66%        3d11      1%          3
b - Lee's Rapid Deconstr  Erth           17%        3d10*     4%          5
c - Passwall              Tmut/Erth      16%        N/A       1%          2
d - Iskenderun's Battles  Conj           33%        2d9       4%          5

Your spell library contained the following spells:

 Spells                   Type           Power      Damage    Failure   Level
 Sandblast                Erth           68%        2d15      1%          1
 Apportation              Tloc           14%        N/A       10%         1
 Fulminant Prism          Conj/Hex       10%        3d8       12%         4
 Iskenderun's Mystic Bla  Conj/Tloc      20%        2d6       12%         4
 Sticky Flame             Conj/Fire      20%        2d4       12%         4
 Ensorcelled Hibernation  Hex/Ice        14%        N/A       14%         2
 Ignite Poison            Fire/Tmut/Pois 7%         N/A       26%         3
 Kindle Blastsparks       Fire/Tloc/Air  14%        2d11      26%         3
 Swiftness                Air            7%         N/A       26%         3
 Fireball                 Conj/Fire      10%        3d6       32%         5
 Orb of Destruction       Conj           16%        9d7       75%         7
 Conjure Ball Lightning   Conj/Air       10%        3x3d6     86%         6
 Alistair's Intoxication  Tmut/Pois      4%         N/A       92%         5
 Summon Forest            Summ/Tloc      3%         N/A       92%         5
 Summon Mana Viper        Hex/Summ       7%         N/A       92%         5
 Summon Cactus Giant      Summ           3%         N/A       100%        6
 Ignition                 Fire           3%         3d4       100%        8
 Chain Lightning          Conj/Air       10%        3d13      100%        9
 Fire Storm               Conj/Fire      10%        8d3       100%        9
 Shatter                  Erth           17%        3d16*     100%        9


Dungeon Overview and Level Annotations

Branches:
Dungeon (14/15)            Temple (0/1) D:4            Lair (5/5) D:10
  Swamp (4/4) Lair:3        Snake (0/4) Lair:3        Slime (0/5) Lair:5
    Orc (2/2) D:12            Elf (0/3) Orc:2        Vaults (0/5) D:13
 Bailey (visited)

Altars:
Cheibriados
Dithmenos
Elyvilon
Fedhas
Gozag
Sif Muna
Trog
Uskayaw
Vehumet
Wu Jian
Xom
Yredelemnul
Jiyva
Lugonu

Shops:
D:4 (   D:7 !*[   D:9 *   D:10 ?*   D:13 *   Orc:2 *[((

Portals:
Abyss: Lair:5
Trove: D:11 (show slimy rune of Zot)

Annotations:
D:3 1 runed translucent door, Crazy Yiuf
Swamp:4 2 runed translucent doors


Innate Abilities, Weirdness & Mutations

You are small and have problems with some larger weapons.
You are completely attuned to the shadows.
You have a pair of antennae on your head.
You have claws for feet.
Your skin changes colour to match your surroundings (Stealth+).
You are agile. (Dex +4, Str/Int -1)
Your system is resistant to poisons. (rPois)
You are robust. (+10% HP)
Your body is covered in eyes which may confuse attackers. (Acc +7, SInv)
You have a small jelly attached to you that may absorb projectiles.


Message History

The spriggan rider hits you from afar with a +0 spear!
Aiming: Stone Arrow (safe; 1% risk of failure)
Press: ? - help, Q - select action, (/) - cycle Shift-Dir - straight line, f/p - spriggan druid
Aim: a spriggan druid, wielding a +0 quarterstaff and wearing a +0 robe (confused, 77% to hit)
The stone arrow hits the spriggan druid!
The spriggan druid is moderately wounded.
The spriggan druid hits you with a +0 quarterstaff!
The spriggan rider completely misses you.
The spriggan rider hits you from afar with a +0 spear.
* * * LOW HITPOINT WARNING * * *
The spriggan druid hits the spriggan rider with a +0 quarterstaff!
The spriggan druid hits itself with a +0 quarterstaff!
The spriggan rider hits you from afar with a +0 spear.
* * * LOW HITPOINT WARNING * * *
Casting: Stone Arrow (safe; 1% risk of failure)
Confirm with . or Enter, or press ? or * to list all spells.
You conjure a globe of magical energy.
The spriggan rider completely misses you. x2
The spriggan druid wonders, "What am I doing in here?"
The spriggan druid hits the spriggan rider with a +0 quarterstaff!!
The spriggan rider barely misses you.
Aiming: Stone Arrow (safe; 1% risk of failure)
Press: ? - help, Q - select action, (/) - cycle Shift-Dir - straight line, f/p - spriggan druid
Aim: a spriggan druid, wielding a +0 quarterstaff and wearing a +0 robe (severely wounded, confused, 77% to hit)
The stone arrow hits the spriggan druid!!
You kill the spriggan druid!
Magical energy flows into your mind!
Your battlesphere fires!
The barrage of energy hits the spriggan rider!
The spriggan rider is severely wounded.
The spriggan rider hits you from afar with a +0 spear!
* * * LOW HITPOINT WARNING * * *
The spriggan rider hits you from afar with a +0 spear!
* * * LOW HITPOINT WARNING * * *
Casting: Stone Arrow (safe; 1% risk of failure)
Confirm with . or Enter, or press ? or * to list all spells.
You imbue your battlesphere with additional charge.
The spriggan rider completely misses you.
The spriggan rider hits you from afar with a +0 spear!!
You die...

~..~~~...♣♣
~.~.~.~~..♣♣
~~♣~♣♣.§~.~♣
♣♣♣♣....~~♣♣
♣♣♣♣.~~~~.♣♣♣ ♣♣
~♣♣.~~~~~~♣~♣♣ ♣♣♣~♣♣
....~~~~...~.♣♣♣....♣.♣
.♣♣~~~~~......§..$*....
♣♣♣♣~#######..~~@.....♣
♣♣♣.~# #♣~.~..i..♣
~~~~~# .#....i..~.♣
~~~~~# .#.....))).~.
.~~~~# ?+J.~~....~~.
.~~§.# .+...........
♣~~..# #..~...~...~
♣.~p~# <~~~.#


You could see 2 spriggan riders, a neutral jelly (wandering) (fellow slime) and
a friendly battlesphere.

Vanquished Creatures
  A tentacled monstrosity (Swamp:4)
  Mlioglotl (Swamp:4)
  Kirke (Swamp:3)
  A thorn hunter (Swamp:2)
  Nessos (Lair:4)
  An eleionoma (Swamp:1)
  A shambling mangrove (Swamp:3)
  Josephine (Lair:4)
  An entropy weaver (shapeshifter) (Lair:5)
  Harold (Lair:1)
  2 vault guards (D:13)
  11 hydras
  3 ghost crabs
  2 two-headed ogres
  A boulder beetle (D:12)
  6 alligators
  Urug (Orc:1)
  6 orc high priests
  2 thrashing horrors (Lair:5)
  A skyshark (Lair:5)
  5 spriggans
  Nergalle (D:10)
  Sonja (D:12)
  6 goliath frogs
  3 spriggan druids
  5 swamp dragons (Swamp:2)
  3 bog bodies
  2 necromancers
  Pikel (D:7)
  3 deep elf pyromancers
  5 orc knights
  A will-o-the-wisp (Swamp:2)
  An orc sorcerer (Orc:1)
  4 cyclopes
  2 manticores (D:13)
  3 ugly things
  A salamander (Lair:3)
  10 elephants
  A cane toad (shapeshifter) (D:13)
  A smoke demon (Lair:5)
  A torpor snail (Lair:1)
  A black mamba (shapeshifter) (Lair:5)
  2 black mambas (Lair:5)
  12 cane toads
  5 rime drakes
  Maggie (D:7)
  2 kobold demonologists (Bailey)
  An unseen horror (D:12)
  An ancient zyme (Lair:5)
  4 komodo dragons
  A troll (Orc:2)
  A bloated husk (Swamp:1)
  8 tyrant leeches
  29 blink frogs
  6 hornets
  2 large abominations (Lair:5)
  A blink frog (shapeshifter) (D:13)
  3 vampires
  2 shadows
  A hog (Swamp:3)
  3 wraiths (Lair:4)
  A ynoxinul (Lair:5)
  6 wyverns
  35 yaks
  7 basilisks
  A hog (shapeshifter) (Lair:5)
  A steam dragon (D:7)
  20 humans
  14 vampire mosquitoes
  4 wargs
  10 swamp worms
  Edmund (D:4)
  15 water moccasins
  2 acid dragons
  39 orc warriors
  4 ice beasts
  A swamp drake (Swamp:1)
  6 black bears
  A sky beast (D:7)
  6 ogres
  17 wolves
  A phantom (D:4)
  6 centaurs
  A kobold brigand (D:6)
  11 bullfrogs
  A necrophage (D:5)
  2 gnoll sergeants
  2 scorpions
  11 killer bees
  9 small abominations (Lair:5)
  4 howler monkeys
  5 electric eels
  5 lava snakes
  2 hounds
  29 orc priests
  4 gnoll boudas
  Ijyb (D:3)
  Natasha (D:2)
  3 iguanas
  19 orc wizards
  2 polar bear simulacra (Lair:2)
  2 wolf simulacra (Lair:2)
  4 yak simulacra (Lair:2)
  Robin (D:3)
  27 gnolls
  11 adders
  3 ufetubi
  4 dart slugs
  67 orcs
  An endoplasm (D:1)
  3 giant cockroaches
  25 goblins
  13 hobgoblins
  2 jackals (D:2)
  5 kobolds
  3 ball pythons
  5 bats
  3 frilled lizards (D:2)
  5 rats
  3 river rat simulacra (Lair:2)
688 creatures vanquished.

Vanquished Creatures (collateral kills)
  3 eleionomae
  2 bunyips
  A ghost crab (Swamp:3)
  A boulder beetle (D:12)
  A spriggan (Swamp:1)
  A goliath frog (Swamp:3)
  A deep elf archer (D:13)
  2 orc knights
  A bog body (Swamp:1)
  A deep elf zephyrmancer (D:13)
  A komodo dragon (Lair:4)
  2 hornets
  A blink frog (Lair:5)
  A steam dragon (D:6)
  Grum (D:11)
  A swamp worm (Swamp:4)
  4 orc warriors
  3 wights (D:6)
  An orc wizard (D:6)
  A rat (D:2)
30 creatures vanquished.

Vanquished Creatures (others)
  A centaur warrior (D:14)
  An alligator (Swamp:2)
  A wizard (D:13)
  A deep elf pyromancer (D:13)
  A moth of wrath (shapeshifter) (Lair:5)
  2 slime creatures (D:14)
  A spriggan (Swamp:3)
  A small abomination (Lair:5)
  4 humans
  A swamp worm (Swamp:4)
  4 orc warriors (Orc:2)
  2 sky beasts
  6 centaurs
  A phantom (D:5)
  A kobold brigand (D:11)
  3 bullfrogs
  A scorpion (D:7)
  2 killer bees (D:8)
  130 jellies
  5 orc priests
  A hound (D:7)
  Natasha (twice) (D:2)
  4 orc wizards
  3 gnolls
  An adder (D:6)
  A white imp (D:7)
  2 ufetubi (D:7)
  A worm (D:3)
  14 orcs
  An endoplasm (D:3)
  2 hobgoblins (Bailey)
  3 kobolds (D:11)
  2 goblins
  2 foxfires (Swamp:2)
  104 fungi
  76 plants
388 creatures vanquished.

Grand Total: 1106 creatures vanquished

Notes
Turn   | Place    | Note
-------+----------+-------------------------------------------
     0 | D:1      | Newt the Kobold Hunter began the quest for the Orb.
     0 | D:1      | Reached XP level 1. HP: 12/12 MP: 1/1
   233 | D:1      | Reached XP level 2. HP: 18/18 MP: 2/2
   978 | D:2      | Noticed a black bear
  1134 | D:2      | Reached XP level 3. HP: 23/23 MP: 3/3
  1375 | D:2      | Reached XP level 4. HP: 18/30 MP: 4/4
  1383 | D:2      | Found a faded altar of an unknown god.
  1387 | D:2      | Prayed at the altar of an unknown god.
  1387 | D:2      | Became a worshipper of Jiyva Jaikefam the Shapeless
  1387 | D:2      | Reached * piety under Jiyva
  1542 | D:2      | Noticed Natasha
  1546 | D:2      | Killed Natasha
  1561 | D:2      | Killed Natasha
  1562 | D:2      | Reached skill level 5 in Fighting
  1709 | D:2      | Killed Natasha
  1751 | D:3      | Reached ** piety under Jiyva
  1764 | D:3      | Reached XP level 5. HP: 35/35 MP: 5/5
  1815 | D:3      | Noticed Robin
  1825 | D:3      | Killed Robin
  2123 | D:3      | Found a runed translucent door.
  2126 | D:3      | Noticed Crazy Yiuf
  2139 | D:3      | Noticed Ijyb
  2141 | D:3      | Killed Ijyb
  2175 | D:3      | Found a basalt altar of Yredelemnul.
  2205 | D:3      | Found a hide-covered altar of Uskayaw.
  2302 | D:4      | Reached *** piety under Jiyva
  2304 | D:4      | Noticed a phantom
  2311 | D:4      | Reached XP level 6. HP: 33/40 MP: 6/6
  2393 | D:4      | Found a staircase to the Ecumenical Temple.
  2426 | D:4      | Gained mutation: Armour fits poorly on your pseudopods.
                  | [Jiyva's grace]
  2426 | D:4      | Gained mutation: Armour fits poorly on your large
                  | pseudopods. [Jiyva's grace]
  2426 | D:4      | Gained mutation: Armour fits poorly on your massive
                  | pseudopods. [Jiyva's grace]
  2426 | D:4      | Gained mutation: You are partially covered in large bone
                  | plates. (SH +4) [Jiyva's grace]
  2469 | D:4      | Reached XP level 7. HP: 25/44 MP: 7/7
  2556 | D:4      | Found Anaurido's Weapon Boutique.
  2664 | D:4      | Reached **** piety under Jiyva
  2698 | D:4      | Noticed Edmund
  2710 | D:4      | Killed Edmund
  2856 | D:4      | Found an ornate altar of the Wu Jian Council.
  2915 | D:4      | Found a snail-covered altar of Cheibriados.
  2952 | D:5      | Entered Level 5 of the Dungeon
  3177 | D:5      | Reached skill level 10 in Ranged Weapons
  3422 | D:5      | HP: 2/44 [ogre/+0 giant club (23)]
  3428 | D:5      | Reached XP level 8. HP: 11/49 MP: 8/8
  3678 | D:5      | Reached skill level 5 in Dodging
  3934 | D:5      | Reached ***** piety under Jiyva
  4151 | D:5      | Lost mutation: Armour fits poorly on your massive
                  | pseudopods. [Jiyva's grace]
  4151 | D:5      | Gained mutation: Your translucent skin slightly reduces
                  | your foes' accuracy. (Stealth+) [Jiyva's grace]
  4151 | D:5      | Gained mutation: Your translucent skin reduces your foes'
                  | accuracy. (Stealth+) [Jiyva's grace]
  4151 | D:5      | Gained mutation: Your transparent skin significantly
                  | reduces your foes' accuracy. (Stealth+) [Jiyva's grace]
  4151 | D:5      | Gained mutation: Your melee attacks may engulf your foes in
                  | ooze. [Jiyva's grace]
  4260 | D:6      | Reached skill level 1 in Evocations
  4266 | D:6      | Reached skill level 2 in Evocations
  4279 | D:6      | Reached skill level 3 in Evocations
  4314 | D:6      | Found a bloodstained altar of Trog.
  4362 | D:6      | Reached skill level 4 in Evocations
  4409 | D:6      | Reached skill level 5 in Evocations
  4410 | D:6      | Reached skill level 6 in Evocations
  4410 | D:6      | Reached XP level 9. HP: 15/54 MP: 9/9
  4595 | D:6      | Found a radiant altar of Vehumet.
  4666 | D:6      | Found a shimmering altar of Xom.
  4666 | D:6      | Found a blossoming altar of Fedhas.
  4820 | D:6      | Found a white marble altar of Elyvilon.
  4836 | D:6      | Found a shimmering blue altar of Sif Muna.
  5277 | D:7      | Noticed Pikel
  5293 | D:7      | Killed Pikel
  5294 | D:7      | Reached XP level 10. HP: 52/59 MP: 10/10
  5354 | D:7      | Found Buthra's Armour Boutique.
  5403 | D:7      | Identified a scroll of acquirement
  5403 | D:7      | Acquired 712 gold pieces
  5425 | D:7      | Found Koajugoo's Distillery.
  5430 | D:7      | Bought a potion of heal wounds for 70 gold pieces
  5430 | D:7      | Bought a potion of haste for 140 gold pieces
  5679 | D:7      | Found Niskoemu's General Store.
  5684 | D:7      | Bought a +2 cloak of stealth for 236 gold pieces
  5697 | D:7      | Noticed Maggie
  5712 | D:7      | Killed Maggie
  5713 | D:7      | Reached skill level 15 in Ranged Weapons
  6313 | D:8      | Found a flagged portal.
  6323 | D:8      | Reached ****** piety under Jiyva
  6331 | Bailey   | Entered a bailey
  6483 | Bailey   | Noticed a kobold demonologist
  6491 | Bailey   | Noticed a sixfirhy
  6501 | Bailey   | HP: 3/64 [electric eel/bolt of electricity (10)]
  6505 | Bailey   | Killed a kobold demonologist
  6594 | Bailey   | Noticed an orc knight
  6601 | Bailey   | Killed an orc knight
  6609 | Bailey   | Noticed a kobold demonologist
  6616 | Bailey   | Killed a kobold demonologist
  6617 | Bailey   | Reached XP level 11. HP: 68/68 MP: 11/11
  6627 | Bailey   | Found an iron altar of Okawaru.
  6630 | Bailey   | Identified the +6 falchion of Quafigra {antimagic, rF+
                  | Will+ Int+5}
  6898 | Bailey   | Reached XP level 12. HP: 73/73 MP: 12/12
  6899 | Bailey   | Reached skill level 5 in Spellcasting
  6899 | Bailey   | Reached skill level 9 in Evocations
  6899 | Bailey   | Reached XP level 13. HP: 78/78 MP: 12/21
  7333 | D:8      | Found a shadowy altar of Dithmenos.
  7446 | D:8      | Acquired the +9 staff of Wucad Mu {*channel}
  7446 | D:8      | Found the +9 staff of Wucad Mu {*channel}
  7453 | D:8      | Learned a level 3 spell: Stone Arrow
  7539 | D:8      | Lost mutation: Your transparent skin significantly reduces
                  | your foes' accuracy. (Stealth+) [Jiyva's grace]
  7539 | D:8      | Gained mutation: You have a small jelly attached to you
                  | that may absorb projectiles. [Jiyva's grace]
  7539 | D:8      | Gained mutation: Your rubbery body absorbs attacks. (AC +1,
                  | EV +1) [Jiyva's grace]
  7539 | D:8      | Gained mutation: Your pliable body absorbs attacks. (AC +2,
                  | EV +2) [Jiyva's grace]
  7539 | D:8      | Gained mutation: Your gelatinous body deflects attacks. (AC
                  | +3, EV +3) [Jiyva's grace]
  8120 | D:9      | Reached skill level 1 in Conjurations
  8120 | D:9      | Reached skill level 1 in Earth Magic
  8189 | D:9      | Found Furr's Assorted Antiques.
  8194 | D:9      | Bought a glowing sling for 148 gold pieces
  8195 | D:9      | Bought a vibrating emerald amulet for 165 gold pieces
  8195 | D:9      | Identified the amulet of Elyvilon's Generosity {Will+
                  | Regen+ Str+3 Slay-5} (You bought it in a shop on level 9 of
                  | the Dungeon)
  8806 | D:10     | Entered Level 10 of the Dungeon
  8821 | D:10     | Noticed Nergalle
  8856 | D:10     | Killed Nergalle
  8908 | D:10     | Found Gozag's Platinum Reserve.
  8939 | D:10     | Found an opulent altar of Gozag.
  9062 | D:10     | Found a staircase to the Lair.
  9129 | D:10     | Found Keah's Magic Scroll Boutique.
  9134 | D:10     | Bought a scroll of enchant weapon for 97 gold pieces
  9135 | D:10     | Lost mutation: You are partially covered in large bone
                  | plates. (SH +4) [potion of mutation]
  9135 | D:10     | Lost mutation: Your gelatinous body deflects attacks. (AC
                  | +3, EV +3) [potion of mutation]
  9135 | D:10     | Lost mutation: Your pliable body absorbs attacks. (AC +2,
                  | EV +2) [potion of mutation]
  9135 | D:10     | Gained mutation: You are partially covered in iridescent
                  | scales. (AC +2) [potion of mutation]
  9534 | D:11     | Lost mutation: Your rubbery body absorbs attacks. (AC +1,
                  | EV +1) [Jiyva's grace]
  9534 | D:11     | Lost mutation: You have a small jelly attached to you that
                  | may absorb projectiles. [Jiyva's grace]
  9534 | D:11     | Lost mutation: Your melee attacks may engulf your foes in
                  | ooze. [Jiyva's grace]
  9534 | D:11     | Gained mutation: Your melee attacks may engulf your foes in
                  | ooze. [Jiyva's grace]
  9534 | D:11     | Gained mutation: Your body has grown eyes which may confuse
                  | attackers. (Acc +3) [Jiyva's grace]
  9534 | D:11     | Gained mutation: Your body has grown many eyes which may
                  | confuse attackers. (Acc +5) [Jiyva's grace]
  9534 | D:11     | Gained mutation: Your body is covered in eyes which may
                  | confuse attackers. (Acc +7, SInv) [Jiyva's grace]
  9539 | D:11     | Noticed Grum
  9561 | D:11     | Killed Grum
 10080 | D:11     | Found a portal to a secret trove of treasure.
 10447 | D:12     | Reached skill level 5 in Conjurations
 10454 | D:12     | Reached skill level 5 in Earth Magic
 10641 | D:12     | Noticed a five-headed hydra
 10655 | D:12     | Killed a five-headed hydra
 10821 | D:12     | Noticed Sonja
 10823 | D:12     | Killed Sonja
 11006 | D:12     | Found a staircase to the Orcish Mines.
 11210 | D:12     | Lost mutation: Your body is covered in eyes which may
                  | confuse attackers. (Acc +7, SInv) [Jiyva's grace]
 11210 | D:12     | Gained mutation: You are agile. (Dex +4, Str/Int -1)
                  | [Jiyva's grace]
 11210 | D:12     | Gained mutation: You are very agile. (Dex +8, Str/Int -2)
                  | [Jiyva's grace]
 11210 | D:12     | Gained mutation: You are robust. (+10% HP) [Jiyva's grace]
 11210 | D:12     | Gained mutation: You are very robust. (+20% HP) [Jiyva's
                  | grace]
 11296 | D:12     | You fall into a shaft and drop 2 floors!
 11310 | D:14     | Killed a centaur warrior
 11393 | D:13     | Reached skill level 10 in Evocations
 11393 | D:13     | Reached XP level 14. HP: 100/100 MP: 23/23
 12270 | D:13     | Reached skill level 11 in Evocations
 12529 | D:13     | Found a gate to the Vaults.
 12740 | D:13     | Found Areskuniry's General Store.
 12743 | D:13     | Bought the -1 pair of gloves of Sandy Freedom {Int+8} for
                  | 326 gold pieces
 12781 | D:13     | Reached skill level 12 in Evocations
 13011 | Lair:1   | Entered Level 1 of the Lair of Beasts
 13326 | Lair:1   | Noticed Harold
 13348 | Lair:1   | Killed Harold
 13476 | Lair:1   | Reached skill level 13 in Evocations
 13916 | Lair:1   | Lost mutation: You are very agile. (Dex +8, Str/Int -2)
                  | [Jiyva's grace]
 13916 | Lair:1   | Lost mutation: You are very robust. (+20% HP) [Jiyva's
                  | grace]
 13916 | Lair:1   | Gained mutation: You have a small jelly attached to you
                  | that may absorb projectiles. [Jiyva's grace]
 13916 | Lair:1   | Gained mutation: Your transparent skin significantly
                  | reduces your foes' accuracy. (Stealth+) [Jiyva's grace]
 13916 | Lair:1   | Gained mutation: Your natural rate of healing is unusually
                  | fast. [Jiyva's grace]
 13916 | Lair:1   | Gained mutation: You heal very quickly. [Jiyva's grace]
 14131 | Lair:1   | Learned a level 5 spell: Lee's Rapid Deconstruction
 14286 | Lair:2   | Reached skill level 14 in Evocations
 14905 | Lair:2   | Reached XP level 15. HP: 96/96 MP: 26/27
 15363 | Lair:3   | Learned a level 2 spell: Passwall
 15529 | Lair:3   | Found a staircase to the Snake Pit.
 15798 | Lair:3   | Lost mutation: You heal very quickly. [Jiyva's grace]
 15798 | Lair:3   | Lost mutation: Your body has grown many eyes which may
                  | confuse attackers. (Acc +5) [Jiyva's grace]
 15798 | Lair:3   | Lost mutation: Your body has grown eyes which may confuse
                  | attackers. (Acc +3) [Jiyva's grace]
 15798 | Lair:3   | Lost mutation: Armour fits poorly on your large pseudopods.
                  | [Jiyva's grace]
 15798 | Lair:3   | Gained mutation: Your system is resistant to poisons.
                  | (rPois) [Jiyva's grace]
 15798 | Lair:3   | Gained mutation: Your body has grown eyes which may confuse
                  | attackers. (Acc +3) [Jiyva's grace]
 15798 | Lair:3   | Gained mutation: Your body has grown many eyes which may
                  | confuse attackers. (Acc +5) [Jiyva's grace]
 15798 | Lair:3   | Gained mutation: Your body is covered in eyes which may
                  | confuse attackers. (Acc +7, SInv) [Jiyva's grace]
 16145 | Lair:3   | Found a staircase to the Swamp.
 16457 | Lair:4   | Noticed Nessos
 16470 | Lair:4   | Killed Nessos
 16471 | Lair:4   | Reached skill level 10 in Earth Magic
 17081 | Lair:4   | Noticed Josephine
 17087 | Lair:4   | Killed Josephine
 17754 | Lair:5   | Entered Level 5 of the Lair of Beasts
 17837 | Lair:5   | Reached skill level 15 in Evocations
 17973 | Lair:5   | Found a corrupted altar of Lugonu.
 17975 | Lair:5   | Found a one-way gate to the infinite horrors of the Abyss.
 18053 | Lair:5   | Reached skill level 16 in Evocations
 18331 | Lair:5   | Lost mutation: You are partially covered in iridescent
                  | scales. (AC +2) [Jiyva's grace]
 18331 | Lair:5   | Lost mutation: Your system is resistant to poisons. (rPois)
                  | [Jiyva's grace]
 18331 | Lair:5   | Lost mutation: Your melee attacks may engulf your foes in
                  | ooze. [Jiyva's grace]
 18331 | Lair:5   | Gained mutation: You expend magic power (3 MP) to
                  | strengthen your wands. [Jiyva's grace]
 18331 | Lair:5   | Gained mutation: Your system is resistant to poisons.
                  | (rPois) [Jiyva's grace]
 18331 | Lair:5   | Gained mutation: You have a pair of small antennae on your
                  | head. [Jiyva's grace]
 18331 | Lair:5   | Gained mutation: You have a pair of antennae on your head.
                  | [Jiyva's grace]
 18437 | Lair:5   | Found a staircase to the Slime Pits.
 18437 | Lair:5   | Found a viscous altar of Jiyva.
 19080 | Orc:1    | Entered Level 1 of the Orcish Mines
 19186 | Orc:1    | Reached skill level 10 in Spellcasting
 19204 | Orc:1    | Reached XP level 16. HP: 52/102 MP: 16/30
 19500 | Orc:1    | You fall into a shaft and drop 1 floor!
 19500 | Orc:2    | Entered Level 2 of the Orcish Mines
 20020 | Orc:2    | Reached skill level 1 in Staves
 20045 | Orc:2    | Found a staircase to the Elven Halls.
 20308 | Orc:2    | Found Uporafon's Armour Shop.
 20309 | Orc:2    | Found Osoanirph's Weapon Boutique.
 20310 | Orc:2    | Found Getzerphe's Weapon Shop.
 20310 | Orc:2    | Found Gotaege's General Store.
 20317 | Orc:2    | Bought a +3 leather armour of cold resistance for 408 gold
                  | pieces
 20476 | Orc:1    | Noticed Urug
 20485 | Orc:1    | Killed Urug
 21221 | Swamp:1  | Entered Level 1 of the Swamp
 21366 | Swamp:1  | Reached skill level 5 in Staves
 21396 | Swamp:1  | Lost mutation: Your natural rate of healing is unusually
                  | fast. [Jiyva's grace]
 21396 | Swamp:1  | Lost mutation: Armour fits poorly on your pseudopods.
                  | [Jiyva's grace]
 21396 | Swamp:1  | Lost mutation: You expend magic power (3 MP) to strengthen
                  | your wands. [Jiyva's grace]
 21396 | Swamp:1  | Gained mutation: You have sharp toenails. [Jiyva's grace]
 21396 | Swamp:1  | Gained mutation: You have razor-sharp toenails. [Jiyva's
                  | grace]
 21396 | Swamp:1  | Gained mutation: You have claws for feet. [Jiyva's grace]
 21396 | Swamp:1  | Lost mutation: Your transparent skin significantly reduces
                  | your foes' accuracy. (Stealth+) [Jiyva's grace]
 21396 | Swamp:1  | Lost mutation: Your translucent skin reduces your foes'
                  | accuracy. (Stealth+) [Jiyva's grace]
 21396 | Swamp:1  | Lost mutation: Your translucent skin slightly reduces your
                  | foes' accuracy. (Stealth+) [Jiyva's grace]
 21396 | Swamp:1  | Gained mutation: Your skin changes colour to match your
                  | surroundings (Stealth+). [Jiyva's grace]
 21658 | Swamp:1  | Learned a level 5 spell: Iskenderun's Battlesphere
 21740 | Swamp:1  | You fall into a shaft and drop 1 floor!
 22402 | Swamp:2  | Reached skill level 10 in Conjurations
 22520 | Swamp:2  | Noticed a thorn hunter
 22528 | Swamp:2  | Killed a thorn hunter
 22751 | Swamp:3  | Reached XP level 17. HP: 96/106 MP: 29/32
 23055 | Swamp:3  | Reached skill level 17 in Evocations
 23454 | Swamp:4  | Entered Level 4 of the Swamp
 23454 | Swamp:4  | Noticed Kirke
 23470 | Swamp:3  | Killed Kirke
 23640 | Swamp:4  | Noticed a tentacled monstrosity
 23641 | Swamp:4  | Noticed Mlioglotl
 23665 | Swamp:4  | Killed Mlioglotl
 23676 | Swamp:4  | Killed a tentacled monstrosity
 23753 | Swamp:4  | Reached skill level 18 in Evocations
 23936 | Swamp:4  | Reached skill level 1 in Armour
 24052 | Swamp:4  | Found a large runed translucent door.
 24053 | Swamp:4  | Found a large runed translucent door.
 24070 | Swamp:4  | Slain by a spriggan rider

Illustrated notes

Levels and vault maps discovered:
D:1:      amcnicky_arrival_gap_in_the_tavern_cellar, layout_basic,
          minmay_bisected
D:2:      layout_rooms, hellmonk_ecumenical_altar_leap_of_faith,
          kennysheep_boxes, uniq_natasha
D:3:      layout_rooms, mainiacjoe_overflow_catch_the_wave, hex_large,
          amcnicky_mini_pool_small, kennysheep_generic_room_11, uniq_robin,
          uniq_ijyb, uniq_crazy_yiuf_cottage
D:4:      layout_cave_pools, kennysheep_slug_shrine, nzn_wu_jian_contemplation,
          minmay_temple_entry_mist, serial_shops, kennysheep_mini_moat,
          uniq_edmund
D:5:      layout_loops_corners, chequers_avenue, minivault_11
D:6:      layout_basic, elyvilon_altar_4, mainiacjoe_overflow_paths,
          nicolae_sif_muna_little_library, nicolae_vehumet_radiance,
          gammafunk_temple_overflow_elements, st_stairs_13
D:7:      minmay_polygon_palace, layout_cave_pools, serial_shops,
          nicolae_shop_stone, nicolae_shop_stone, nicolae_shop_crystal,
          minmay_alternating_orb, uniq_pikel, uniq_maggie
D:8:      layout_loops_ring, mainiacjoe_overflow_alcove_4, enter_bailey_7,
          nicolae_lava_and_water
D:9:      layout_loops_cross, serial_shops, shop, nicolae_titane
D:10:     layout_cave_pools, nicolae_gozag_zags_fifth_avenue,
          david_lair_generic, serial_shops, shop, serial_bayou_lagoon_b,
          uniq_nergalle
D:11:     nicolae_cairo_tiling_large_dashed, layout_cave_pods, enter_trove_3,
          uniq_grum
D:12:     layout_cave_pools, erik_orc_4, uniq_sonja
D:13:     layout_irregular_city, grunt_vaults_entry_tiered, serial_shops,
          shop_statue, portal_ice_cave_rime
D:14:     layout_roguey, serial_shops, shop, gammafunk_ghost_fury_of_okawaru,
          minivault_23, minmay_checkered_concentric_circles
Lair:1:   layout_long_grid, uniq_harold
Lair:2:   layout_hall_layers, eino_house_with_fridge, grunt_megastairs_2
Lair:3:   layout_regular_city, minmay_swamp_entry_swarm,
          nicolae_snake_entry_warm_welcome, fungi_pond_lemuel
Lair:4:   layout_layer_cave, uniq_nessos, uniq_josephine, uniq_snorg
Lair:5:   hellmonk_lair_end_abyssal_woods, layout_misc_corridors, slime_entry_1
Swamp:1:  nicolae_swamp_ascending_descending_big, layout_basic_swamp,
          nicolae_swamp_orc_logging_accident
Swamp:2:  layout_falls_marsh, serial_swamp_ruin, evilmike_swamp_ruin_house_4,
          evilmike_swamp_ruin_wall, swamp_pool1, hangedman_swamp_double_dragon
Swamp:3:  layout_falls_marsh, nicolae_swamp_triple_paths, swamp_pool1,
          infiniplex_staircase_pool
Swamp:4:  swamp_icy, layout_basic_swamp, ebering_ghost_disaster_area,
          swamp_pool1, uniq_mlioglotl, uniq_kirke
Orc:1:    layout_diamond_mine, uniq_urug
Orc:2:    st_orc_pillars, layout_caves, hellmonk_bongcloud_opening

Skill      XL: |  1  2  3  4  5  6  7  8  9 10 11 12 13 14 15 16 17 |
---------------+----------------------------------------------------+-----
Fighting       | 3 4 5 8 |  8.0
Ranged Weapons | 7 8 10 14 15 | 15.0
Dodging        | 4 6 9 14 | 14.5
Evocations     | 6 9 10 14 16 18 | 18.0
Spellcasting   | 5 6 8 10 11 | 11.0
Conjurations   | 7 10 | 10.0
Earth Magic    | 7 8 10 | 10.3
Staves         | 6 |  6.1
Armour         | 1 |  1.9
Stealth        | |  1.3

Action                     |  1- 3 |  4- 6 |  7- 9 | 10-12 | 13-15 | 16-18 || total
---------------------------+-------+-------+-------+-------+-------+-------++-------
  Melee: Shortbow          |       |       |     4 |       |       |       ||     4
         Staff             |       |       |       |       |   893 |   430 ||  1323
         Pseudopods        |       |       |       |       |   301 |   131 ||   432
         Kick              |       |       |       |       |       |    20 ||    20
   Fire: Shortbow          |    73 |   120 |   224 |   256 |   115 |       ||   788
         Sling             |       |       |       |       |   301 |       ||   301
   Cast: Stone Arrow       |       |       |       |       |   583 |   468 ||  1051
         Lee's Rapid Decon |       |       |       |       |    13 |    12 ||    25
         Iskenderun's Batt |       |       |       |       |       |    27 ||    27
 Invoke: Oozemancy         |       |       |       |       |     3 |       ||     3
  Evoke: Wand              |       |       |       |     2 |       |     2 ||     4
    Use: Scroll            |     8 |     2 |     1 |     7 |     7 |     6 ||    31
         Potion            |       |       |     1 |     4 |     2 |     1 ||     8
   Stab: Confused          |       |       |       |       |   102 |    33 ||   135
         Sleeping          |       |       |       |       |    13 |     3 ||    16
         Distracted        |       |       |       |       |     3 |     1 ||     4
 Armour: Leather armour    |    13 |    21 |    21 |    13 |   126 |    33 ||   227
         Swamp dragon scal |       |       |       |       |       |    29 ||    29
  Dodge: Dodged            |    69 |    58 |   209 |   166 |  2350 |  1170 ||  4022
  Block: Other             |       |     2 |    25 |    33 |    28 |       ||    88

Table legend: (Time is in decaauts)
 A = Elapsed time spent in this place.
 B = Non-inter-level travel time spent in this place.
 C = Inter-level travel time spent in this place.
 D = Time resting spent in this place.
 E = Time spent auto-exploring this place.
 F = Levels seen in this place.
 G = Mean time per level.
                   A        B        C        D        E       F      G
               +--------+--------+--------+--------+--------+-----+--------+
         Total |  24448 |  23597 |    851 |   2229 |  16100 |  26 |  940.3 |
       Dungeon |  12159 |  11746 |    413 |    970 |   8519 |  14 |  868.5 |
          Lair |   6256 |   5973 |    283 |    124 |   4459 |   5 | 1251.2 |
         Swamp |   2998 |   2957 |     41 |    510 |   1829 |   4 |  749.5 |
  Orcish Mines |   2085 |   1973 |    112 |    315 |    857 |   2 | 1042.5 |
        Bailey |    949 |    949 |      0 |    310 |    435 |   1 |  949.0 |
               +--------+--------+--------+--------+--------+-----+--------+

Top non-repeatable levels by time:
    D:13: 1680 daAuts
   Orc:2: 1415 daAuts
  Lair:4: 1342 daAuts
     D:5: 1303 daAuts
  Lair:1: 1277 daAuts
  Lair:2: 1228 daAuts
  Lair:5: 1227 daAuts
  Lair:3: 1180 daAuts
 Swamp:2: 1062 daAuts
     D:1: 1035 daAuts
     D:6: 986 daAuts
     D:8: 975 daAuts
  Bailey: 949 daAuts
    D:12: 938 daAuts
    D:11: 921 daAuts
